AoeStats
← с упругой

Arabia

510110557Analyzed
4v4 RM · 3d ago on Sep 29, 2026· 35m 4s· 8 players
Game mode
Random Map
Map size
Large (8 player)
Population
200
Speed
Normal
Resources
Standard
Victory
Conquest
Starting age
Dark Age
Ending age
Imperial Age
RankedLock teamsTeams togetherTeam positionsShared explorationLock speedFull tech treeHidden civsTurbo modeCheats
Victory
Defeat
🇦🇷 Goths · Argentina
1917
+4
🇻🇳 Inca · Vietnam
1764
+7
🇺🇸 Franks · United States
1522
+15
🇨🇳 Italians · China
1487
+16
🇩🇪 Malay · Germany
1595
-13
🇨🇴 Armenians · Colombia
1532
-10
🇨🇦 Spanish · Canada
1528
-10
🇷🇺 Hindustanis · Russia
1495
-9
KnightLifeAoC
9:48 Feudal Age
8:03 Loom
11:52 Fletching
12:03 Padded Archer Armor
23:22 Castle Age
23:00 Bodkin Arrow
23:33 Double-Bit Axe
24:07 Crossbowman
25:41 Bow Saw
25:16 Horse Collar
27:56 Ballistics
30:46 Wheelbarrow
30:12 Heavy Plow
36:13 Imperial Age
34:30 Thumb Ring
[FORD]DarkHorse
6:08 Loom
9:37 Feudal Age
10:23 Double-Bit Axe
12:48 Fletching
12:58 Padded Archer Armor
25:14 Castle Age
24:10 Gold Mining
jmolinao
6:35 Loom
9:19 Feudal Age
9:51 Double-Bit Axe
14:11 Horse Collar
16:31 Scale Barding Armor
16:37 Forging
20:31 Bloodlines
25:02 Castle Age
26:08 Chain Barding Armor
27:36 Husbandry
31:02 Bow Saw
30:42 Gold Mining
31:32 Wheelbarrow
30:31 Light Cavalry
с упругой
6:30 Loom
9:09 Feudal Age
9:55 Double-Bit Axe
9:51 Horse Collar
14:01 Scale Barding Armor
18:23 Forging
22:51 Castle Age
21:37 Bloodlines
23:31 Wheelbarrow
23:34 Husbandry
23:56 Chain Barding Armor
23:03 Light Cavalry
24:12 Bow Saw
31:50 Town Watch
VIPN@U
4:59 Loom
6:03 Loom
8:22 Feudal Age
12:19 Fletching
22:58 Castle Age
21:14 Double-Bit Axe
22:19 Horse Collar
23:01 Crossbowman
23:44 Bodkin Arrow
24:00 Padded Archer Armor
24:19 Town Watch
26:53 Wheelbarrow
27:43 Ballistics
28:25 Leather Archer Armor
29:57 Thumb Ring
31:06 Heavy Plow
31:17 Bow Saw
32:54 Bow Saw
32:39 Gold Mining
35:06 Hand Cart
YOGRANNYCANTSCRAP
9:06 Feudal Age
13:55 Loom
14:52 Scale Barding Armor
19:53 Forging
27:08 Castle Age
26:50 Gold Mining
27:11 Light Cavalry
28:18 Chain Barding Armor
29:12 Husbandry
31:37 Gold Shaft Mining
32:31 Wheelbarrow
38:09 Imperial Age
Fish
6:58 Loom
9:26 Feudal Age
10:01 Double-Bit Axe
10:15 Horse Collar
16:47 Bloodlines
19:59 Castle Age
18:07 Gold Mining
18:47 Bloodlines
19:38 Scale Barding Armor
20:21 Town Watch
20:45 Husbandry
20:58 Bow Saw
22:13 Wheelbarrow
29:29 Hand Cart
33:44 Imperial Age
32:13 Forging
32:08 Scale Mail Armor
32:08 Stone Mining
33:12 Squires
33:14 Anarchy
34:15 Chain Mail Armor
34:07 Man-at-Arms
34:16 Elite Huskarl
36:02 Conscription
远程OB总指挥
6:16 Loom
8:31 Feudal Age
9:00 Double-Bit Axe
13:21 Fletching
14:42 Padded Archer Armor
23:02 Gold Mining
28:07 Castle Age
26:03 Horse Collar
27:58 Town Watch
28:09 Crossbowman
28:45 Bodkin Arrow
29:39 Bow Saw
31:07 Ballistics
32:28 Leather Archer Armor
33:50 Thumb Ring
Connection lost

Rejoining the realm…

Still unreachable

The connection could not be restored.

Session expired

The server has moved on; the page needs a fresh start.